 Dungeon Crawl Stone Soup version 0.22-a0-136-g83a10e5 (webtiles) character file.

194 Lathuz the Magician (level 5, -5/28 HPs)
             Began as a Deep Elf Fire Elementalist on Feb 3, 2018.
             Killed from afar by mhoghedin's ghost (8 damage)
             ... with a puff of frost
             ... on level 3 of the Dungeon.
             The game lasted 00:06:54 (3372 turns).

Lathuz the Magician (Deep Elf Fire Elementalist)    Turns: 3372, Time: 00:06:56

Health: -5/28      AC:  2    Str:  5    XL:     5   Next: 44%
Magic:  1/13       EV: 13    Int: 21    God:
Gold:   141        SH:  0    Dex: 15    Spells: 3/13 levels left

rFire    . . .     SeeInvis +   q - +0 short sword
rCold    . . .     Gourm    .   (no shield)
rNeg     . . .     Faith    .   a - +0 robe
rPois    .         Spirit   .   (no helmet)
rElec    .         Reflect  .   (no cloak)
rCorr    .         Harm     .   (no gloves)
MR       +....                  (no boots)
Stlth    ++........             (no amulet)
HPRegen  0.09/turn              g - ring of see invisible
MPRegen  0.13/turn              h - ring of protection from magic

@: no status effects
A: no striking features
a: no special abilities


You were on level 3 of the Dungeon.
You were not hungry.

You visited 1 branch of the dungeon, and saw 3 of its levels.

You collected 141 gold pieces.

Inventory:

Hand Weapons
 q - a +0 short sword (weapon)
Missiles
 s - 8 stones (quivered)
Armour
 a - a +0 robe (worn)
 o - a cursed +0 robe
Jewellery
 g - a ring of see invisible (left hand)
 h - a ring of protection from magic (right hand)
 u - a +4 ring of intelligence {unknown}
Wands
 r - a wand of disintegration (11)
Scrolls
 e - 6 scrolls of remove curse {unknown}
 f - a scroll of teleportation {unknown}
 j - a scroll of blinking {unknown}
 m - a scroll of noise {unknown}
 n - a scroll of enchant armour {unknown}
 t - a scroll of identify {unknown}
Potions
 d - a potion of ambrosia {unknown}
 i - a potion of lignification {unknown}
 k - 2 potions of agility {unknown}
 l - a potion of flight {unknown}
 p - 2 potions of cancellation {unknown}
Books
 b - a book of Flames

   Spells                             Type                      Level
   a - Flame Tongue                   Conjuration/Fire             1
   b - Throw Flame                    Conjuration/Fire             2
   c - Conjure Flame                  Conjuration/Fire             3
   d - Inner Flame                    Hexes/Fire                   3
   e - Sticky Flame                   Conjuration/Fire             4
   f - Fireball                       Conjuration/Fire             5
Comestibles
 c - 6 rations


   Skills:
 - Level 2.4 Dodging
 - Level 2.4 Stealth
 + Level 4.6 Spellcasting
 * Level 4.2 Conjurations
 + Level 4.4 Fire Magic


You had 3 spell levels left.
You knew the following spells:

 Your Spells              Type           Power        Failure   Level  Hunger
a - Flame Tongue          Conj/Fire      ###..        1%          1    None
b - Throw Flame           Conj/Fire      ###...       2%          2    #......
c - Conjure Flame         Conj/Fire      ###.....     5%          3    ##.....
d - Sticky Flame          Conj/Fire      ###.....     19%         4    ####...


Dungeon Overview and Level Annotations

Branches:
Dungeon (3/15)

Altars:

Annotations:
D:3 mhoghedin's ghost, amateur DrIE


Message History

Press: ? - help, Shift-Dir - straight line, f/p - mhoghedin's ghost
Aim: mhoghedin's ghost, wielding a weapon of freezing (heavily damaged)
The flame tongue hits mhoghedin's ghost.
Mhoghedin's ghost is heavily damaged.
Mhoghedin's ghost points at you and mumbles some strange words.
The puff of frost misses you.
Casting: Flame Tongue (safe; 1% risk of failure)
Confirm with . or Enter, or press ? or * to list all spells.
Aiming: Flame Tongue (safe; 1% risk of failure)
Press: ? - help, Shift-Dir - straight line, f/p - mhoghedin's ghost
Aim: mhoghedin's ghost, wielding a weapon of freezing (heavily damaged)
The flame tongue misses mhoghedin's ghost.
Mhoghedin's ghost points at you and mumbles some strange words.
You are frozen.
Mhoghedin's ghost gestures at you while chanting.
The puff of frost hits you!
* * * LOW HITPOINT WARNING * * *
Mhoghedin's ghost gestures at you while chanting.
The puff of frost hits you!
You die...

.....................
.....................
..............####.......#
..............### .....##
................# .....' .
................# #....##..
...........)....# #........
......).........#####......#
................@...#.>....+
..............##...W#......#
..............##...........#
...........................#
...........................#
...........................#
...........................#
.............................
..............#######+#+####.


You could see mhoghedin's ghost.

Vanquished Creatures
  An orc priest (D:3)
  An orc wizard (D:2)
  3 gnolls (D:2)
  4 adders
  2 dart slugs (D:1)
  2 leopard geckos
  7 orcs
  A giant cockroach (D:3)
  9 goblins (D:1)
  7 hobgoblins
  3 kobolds
  A quokka (D:3)
  9 bats
  3 frilled lizards
  7 rats
60 creatures vanquished.

Notes
Turn   | Place    | Note
-------+----------+-------------------------------------------
     0 | D:1      | Lathuz the Deep Elf Fire Elementalist began the quest for the Orb.
     0 | D:1      | Reached XP level 1. HP: 10/10 MP: 6/6
   164 | D:1      | Reached XP level 2. HP: 15/15 MP: 5/8
   343 | D:1      | Learned a level 2 spell: Throw Flame
   807 | D:1      | Reached XP level 3. HP: 19/19 MP: 6/10
  1151 | D:2      | Found a faded altar of an unknown god.
  1251 | D:2      | Learned a level 3 spell: Conjure Flame
  1462 | D:2      | Reached XP level 4. HP: 11/24 MP: 3/11
  1729 | D:2      | Learned a level 4 spell: Sticky Flame
  2759 | D:3      | Reached XP level 5. HP: 17/28 MP: 3/13
  3357 | D:3      | Noticed mhoghedin's ghost (amateur DrIE)
  3372 | D:3      | Killed from afar by mhoghedin's ghost

Vault maps used:
D:1:      dpeg_arrival_rooms_c, minmay_misc_feat_roman, hangedman_feature_mirror
D:2:      wad_crossroads, first_ration, chequers_ecumenical_altar_simple

Skill      XL: |  1  2  3  4  5 |
---------------+----------------+-----
Conjurations   | 2 3 4 |  4.2
Spellcasting   | 4 |  4.6
Fire Magic     | 4 |  4.4
Dodging        | |  2.4
Stealth        | |  2.4

Action                   |  1- 3 |  4- 6 || total
-------------------------+-------+-------++-------
Melee: Unarmed           |    24 |       ||    24
 Cast: Flame Tongue      |    42 |    29 ||    71
       Throw Flame       |    18 |    29 ||    47
       Sticky Flame      |       |     2 ||     2
       Conjure Flame     |       |     1 ||     1
  Eat: Chunk             |     2 |     7 ||     9
Armor: Robe              |    24 |     4 ||    28
Dodge: Dodged            |    50 |    17 ||    67

Table legend:
 A = Spawn XP
 B = Non-spawn XP
 C = Spawn XP percentage of total XP
 D = Spawn monster count
 E = Non-spawn monster count
 F = Spawn count percentage of total count
 G = Total turns spent on level
                    A         B        C        D         E        F      G
               +---------+---------+-------+---------+---------+-------+---------
         Total |       0 |     278 |   0.0 |       0 |      60 |   0.0 |  3372
               +---------+---------+-------+---------+---------+-------+---------
           D:1 |       0 |      50 |   0.0 |       0 |      28 |   0.0 |  1082
           D:2 |       0 |     150 |   0.0 |       0 |      21 |   0.0 |  1925
           D:3 |       0 |      78 |   0.0 |       0 |      11 |   0.0 |   365
               +---------+---------+-------+---------+---------+-------+---------
